 Dungeon Crawl Stone Soup version 0.22.1-2-g9c5b331 (webtiles) character file.

135 Korkiloff the Skirmisher (level 4, -3/37 HPs)
             Began as a Demonspawn Abyssal Knight on Jan 6, 2019.
             Was a Believer of Lugonu.
             Slain by Crazy Yiuf
             ... wielding a +4 quarterstaff of chaos
              (8 damage)
             ... on level 2 of the Dungeon.
             The game lasted 00:09:04 (1882 turns).

Korkiloff the Skirmisher (DsAK)                     Turns: 1882, Time: 00:09:04

Health: -3/37      AC: 13    Str: 14    XL:     4   Next: 96%
Magic:  0/6        EV: 16    Int: 13    God:    Lugonu [**....]
Gold:   93         SH:  0    Dex: 20    Spells: 3/3 levels left

rFire    . . .     SeeInvis .   q - +1 dagger (protect)
rCold    . . .     Gourm    .   (no shield)
rNeg     . . .     Faith    .   g - +0 ring mail
rPois    .         Spirit   .   r - +0 helmet
rElec    .         Reflect  .   (no cloak)
rCorr    .         Harm     .   (no gloves)
MR       .....                  (no boots)
Stlth    +++.......             i - amulet of the acrobat
HPRegen  0.12/turn              h - ring of stealth
MPRegen  0.10/turn              n - +3 ring of dexterity

@: agile, protection aura, hasted, very quick
A: hooves 1
a: Depart the Abyss, Bend Space, Renounce Religion


You were on level 2 of the Dungeon.
You worshipped Lugonu.
Lugonu was pleased with you.
You were not hungry.

You visited 1 branch of the dungeon, and saw 2 of its levels.
You visited the Abyss 1 time.

You collected 93 gold pieces.

Inventory:

Hand Weapons
 a - a +1 falchion
 p - a -3 dagger
 q - a +1 dagger of protection (weapon)
 u - a +0 dagger of pain
Missiles
 w - 4 tomahawks (quivered)
Armour
 b - a +0 leather armour
 g - a +0 ring mail (worn)
 r - a +0 helmet (worn)
Jewellery
 h - a ring of stealth (left hand)
 i - an amulet of the acrobat (around neck)
 n - a +3 ring of dexterity (right hand)
 t - an uncursed amulet of the gourmand
Wands
 o - a wand of paralysis (11)
Scrolls
 d - a scroll of enchant weapon {unknown}
 j - 2 scrolls of teleportation
 k - 2 scrolls of immolation
 x - a scroll of fog {unknown}
 y - 2 scrolls of enchant armour {unknown}
Potions
 e - 2 potions of lignification
 f - 2 potions of curing
 v - a potion of cancellation {unknown}
 z - a potion of mutation {unknown}
 A - a potion of might {unknown}
Comestibles
 c - 5 rations
 m - a chunk of flesh


   Skills:
 + Level 4.0 Fighting
 + Level 2.8 Long Blades
 + Level 2.7 Armour
 + Level 1.4 Dodging
 + Level 0.4 Stealth
 + Level 2.8 Invocations


You had 3 spell levels left.
You didn't know any spells.
Your spell library was empty.

Dungeon Overview and Level Annotations

Branches:
Dungeon (2/15)

Altars:
Hepliaklqana

Annotations:
D:2 Crazy Yiuf


Innate Abilities, Weirdness & Mutations

You have large cloven feet.


Message History

Crazy Yiuf is moderately wounded.
You feel sick.
Crazy Yiuf drinks a potion.
Crazy Yiuf goes berserk!
You hit Crazy Yiuf but do no damage.
Crazy Yiuf is moderately wounded.
Crazy Yiuf hits you with a quarterstaff of chaos!
You feel your power leaking away.
You closely miss Crazy Yiuf. You kick Crazy Yiuf.
Crazy Yiuf is heavily wounded.
You feel sick.
Crazy Yiuf hits you with a quarterstaff of chaos!
* * * LOW HITPOINT WARNING * * *
It was a potion of curing.
You feel better. Crazy Yiuf closely misses you.
Crazy Yiuf hits you with a quarterstaff of chaos!
* * * LOW HITPOINT WARNING * * *
It was a potion of agility.
You feel agile all of a sudden. Crazy Yiuf closely misses you.
It was a potion of haste.
You feel yourself speed up.
Crazy Yiuf hits you with a quarterstaff of chaos!
You die...

# #.# ♣....♣ ##
#.# ♣...♣♣ .#
####.# ♣♣.♣♣ .#
#....# ♣.♣♣ .##
#.#### ♣♣.♣ ..##
#.#### ♣.♣♣
#..####.##.# ♣♣.♣
#...#......#
##'##
......#.####
#.@.#
......#....#
#.g.#
.....#######
#..)# ....##
##### ##.## ####
##.######.<######
###
.......##.......#
#.#
#..##..##.......#
#.#
................#
#.#


You could see Crazy Yiuf (berserk).

Vanquished Creatures
  Jessica (D:2)
  Robin (D:2)
  A gnoll (D:1)
  An adder (D:2)
  An ufetubus (Abyss:1)
  4 dart slugs
  3 leopard geckos
  A ball python (D:1)
  3 bats
  5 giant cockroaches
  12 goblins (D:2)
  10 hobgoblins
  4 jackals (D:2)
  3 frilled lizards
  4 kobolds
  4 rats
58 creatures vanquished.

Notes
Turn   | Place    | Note
-------+----------+-------------------------------------------
     0 | Abyss:1  | Korkiloff the Demonspawn Abyssal Knight began the quest for
                  | the Orb.
     0 | Abyss:1  | Reached XP level 1. HP: 18/18 MP: 2/2
    74 | Abyss:1  | Noticed a deep elf elementalist
    77 | D:1      | Escaped the Abyss
   179 | D:1      | Gained mutation: You have large cloven feet. [demonic
                  | ancestry]
   179 | D:1      | Reached XP level 2. HP: 17/24 MP: 3/3
   220 | D:1      | Reached * piety under Lugonu
   476 | D:1      | Reached skill level 1 in Dodging
   476 | D:1      | Reached XP level 3. HP: 15/30 MP: 5/5
  1028 | D:2      | Noticed Robin
  1040 | D:2      | Reached XP level 4. HP: 35/37 MP: 6/6
  1091 | D:2      | Killed Robin
  1091 | D:2      | Reached skill level 4 in Fighting
  1196 | D:2      | Noticed Jessica
  1211 | D:2      | Reached ** piety under Lugonu
  1213 | D:2      | Killed Jessica
  1297 | D:2      | Found a runed door.
  1495 | D:2      | Found a hazy altar of Hepliaklqana.
  1872 | D:2      | Noticed Crazy Yiuf
  1882 | D:2      | Slain by Crazy Yiuf

Skill      XL: |  1  2  3  4 |
---------------+-------------+-----
Long Blades    | 2 |  2.8
Armour         | 2 |  2.7
Dodging        | 1 |  1.4
Fighting       | 4 |  4.0
Stealth        | |  0.4
Invocations    | |  2.8

Action                   |  1- 3 |  4- 6 || total
-------------------------+-------+-------++-------
Melee: Falchion          |    76 |    37 ||   113
       Kick              |    19 |    13 ||    32
       Dagger            |       |    40 ||    40
Invok: Depart the Abyss  |     1 |       ||     1
  Use: Scroll            |       |     4 ||     4
       Potion            |       |     4 ||     4
 Stab: Sleeping          |     1 |     1 ||     2
  Eat: Chunk             |       |    12 ||    12
Armor: Ring mail         |    22 |    27 ||    49
       Leather armour    |     3 |       ||     3
       Skin              |       |    31 ||    31
Dodge: Dodged            |    42 |    56 ||    98
       Rpst.: Falchion   |    16 |     6 ||    22
